 Dungeon Crawl Stone Soup version 0.29-a0-542-g075992c915 (webtiles) character file.

Game seed: 13429772980560365401

6973 gruber the Protected (level 11, -2/74 HPs)
             Began as a Meteoran Earth Elementalist on June 3, 2022.
             Was a Believer of Sif Muna.
             Slain by a spatial maelstrom (17 damage)
             ... on level 2 of the Abyss.
             The game lasted 00:18:31 (5235 turns).

gruber the Protected (Meteoran Earth Elementalist)  Turns: 5235, Time: 00:18:32

Health: -2/74      AC:  7    Str: 17    XL:     11   Next: 53%
Magic:  30/31      EV: 14    Int: 20    God:    Sif Muna [**....]
Gold:   542        SH:  0    Dex: 15    Spells: 20/24 levels left

rFire   . . .      SeeInvis .   H - +3 scimitar (flame)
rCold   + . .      Faith    .   (no shield)
rNeg    . . .      Spirit   .   t - +0 leather armour {Will+}
rPois   .          Reflect  .   g - +0 helmet
rElec   .          Harm     .   (no cloak)
rCorr   .          Rampage  .   (no gloves)
Will    ++...                   r - +0 pair of boots
Stlth   +.........              n - amulet of magic regeneration
HPRegen 0.22/turn               F - ring "Eveneiss" {MP+9 Str+6}
MPRegen 0.62/turn               I - ring of protection from cold

@: glowing
A: sense surroundings 2, otherworldly, glowing, explore regen
a: Renounce Religion, Channel Magic


You were on level 2 of the Abyss.
You worshipped Sif Muna.
Sif Muna was pleased with you.
You visited 1 branch of the dungeon, and saw 9 of its levels.
You visited the Abyss 1 time.

You collected 542 gold pieces.

Inventory:

Hand Weapons
 a - a +2 vampiric whip
 i - a +0 dagger of speed
 s - a +1 hand axe of electrocution
 H - a +3 scimitar of flaming (weapon)
Missiles
 w - 18 poisoned darts
 x - a throwing net
 z - 59 stones
 C - 6 datura-tipped darts
Armour
 b - a +0 robe
 g - a +0 helmet (worn)
 r - a +0 pair of boots (worn)
 t - a +0 leather armour of willpower (worn)
Jewellery
 n - an amulet of magic regeneration (around neck)
 A - a ring of ice
 F - the ring "Eveneiss" (left hand) {MP+9 Str+6}
   (You found it on level 8 of the Dungeon)

   [ring of strength]

   Str:       It affects your strength (+6).
   MP:        It affects your magic capacity (+9).
 I - a ring of protection from cold (right hand)
Wands
 j - a wand of iceblast (6)
Scrolls
 e - 13 scrolls of identify {unknown}
 k - 3 scrolls of poison {unknown}
 l - a scroll of fog {unknown}
 m - 2 scrolls of teleportation {unknown}
 o - a scroll of immolation {unknown}
 p - a scroll of brand weapon {unknown}
 v - 2 scrolls of enchant weapon {unknown}
 y - a scroll of amnesia {unknown}
 E - a scroll of vulnerability {unknown}
Potions
 c - 2 potions of magic
 d - 2 potions of heal wounds {unknown}
 f - 3 potions of invisibility {unknown}
 h - a potion of berserk rage {unknown}
 q - 4 potions of curing {unknown}
 u - 2 potions of brilliance {unknown}
 B - 2 potions of flight {unknown}
 D - a potion of haste {unknown}
 G - a potion of lignification {unknown}


   Skills:
 * Level 0.1 Fighting
 - Level 8.1 Long Blades
 - Level 0.3(0.5) Maces & Flails
 - Level 0.3(0.5) Polearms
 - Level 0.5(0.7) Staves
 - Level 0.2 Bows
 - Level 0.1 Crossbows
 - Level 12.5 Armour
 - Level 5.1 Dodging
 - Level 1.4 Stealth
 - Level 0.2 Shields
 - Level 7.0 Spellcasting
 - Level 5.0 Conjurations
 - Level 0.2 Hexes
 - Level 0.2 Necromancy
 - Level 1.2 Transmutations
 - Level 0.2 Fire Magic
 - Level 9.3 Earth Magic
 - Level 0.2 Poison Magic


You had 20 spell levels left.
You knew the following spells:

 Your Spells              Type           Power      Damage    Failure   Level
a - Sandblast             Erth           88%        2d18      1%          1
b - Stone Arrow           Conj/Erth      70%        3d11      1%          3

Your spell library contained the following spells:

 Spells                   Type           Power      Damage    Failure   Level
 Magic Dart               Conj           100%       1d8       1%          1
 Passwall                 Tmut/Erth      23%        N/A       1%          2
 Dazzling Flash           Conj/Hex       34%        N/A       11%         3
 Petrify                  Tmut/Erth      28%        N/A       12%         4
 Call Imp                 Summ           7%         N/A       16%         2
 Ensorcelled Hibernation  Hex/Ice        14%        N/A       16%         2
 Mephitic Cloud           Conj/Pois/Air  14%        N/A       16%         3
 Gell's Gravitas          Tloc           7%         N/A       32%         3
 Lesser Beckoning         Tloc           7%         N/A       32%         3
 Ozocubu's Armour         Ice            7%         N/A       32%         3
 Swiftness                Air            7%         N/A       32%         3
 Teleport Other           Tloc           7%         N/A       32%         3
 Summon Ice Beast         Ice/Summ       7%         N/A       71%         4
 Agony                    Necr           7%         N/A       95%         5
 Silence                  Hex/Air        3%         N/A       96%         5
 Summon Mana Viper        Hex/Summ       7%         N/A       96%         5
 Monstrous Menagerie      Summ           3%         N/A       100%        7
 Ozocubu's Refrigeration  Ice            3%         4d5       100%        7


Dungeon Overview and Level Annotations

Branches:
Dungeon (9/15)               Lair (0/6) D:9
 Temple: D:4-7          Orc: D:9-12

Altars:
Ashenzari
Dithmenos
Gozag
Okawaru
Qazlal
Ru
Sif Muna
Xom
The Shining One

Shops:
D:1 ?

Annotations:
D:7 3 runed translucent doors, QuickerDeath's ghost, novice MfTm


Innate Abilities, Weirdness & Mutations

You passively map the area around you.
You are easily found by Zot.
You glow in the dark.
You regain HP and MP as you explore.


Message History

The stone arrow hits the large abomination!
The large abomination is moderately damaged.
An efreet comes into view.
It is wielding a +4 scimitar of flaming.
The stone arrow hits the large abomination!!
The large abomination is severely damaged.
The stone arrow hits the large abomination.
The large abomination is severely damaged.
The stone arrow hits the large abomination!
The large abomination is almost destroyed.
The stone arrow hits the large abomination!
You destroy the large abomination!
That felt strangely unrewarding.
The efreet gestures at you. The bolt of fire hits you!!
Unknown command.
A spatial vortex comes into view.
A spatial maelstrom comes into view.
A spatial vortex comes into view.
A ynoxinul comes into view.
Unknown command.
Unknown command.
The spatial maelstrom attacks as you move away!
The spatial maelstrom hits you but does no damage.
The spatial maelstrom closely misses you.
A spatial vortex comes into view.
The spatial maelstrom hits you! x2; Space warps around you.
A spatial vortex comes into view.
The spatial maelstrom hits you. Space warps around you.
The spatial maelstrom hits you.
* * * LOW HITPOINT WARNING * * *
You blink.
The spatial vortex moves out of view.
A worldbinder comes into view.
A spatial vortex comes into view. x2
A chaos spawn comes into view.
The spatial maelstrom attacks as you move away!
The spatial maelstrom misses you.
The spatial maelstrom closely misses you.
The spatial maelstrom hits you but does no damage.
The spatial maelstrom hits you!
* * * LOW HITPOINT WARNING * * *
Space warps horribly around you!
You die...

## #.# .. ..# #...
####4 .# # ##.v.##.## .
# #..#..#..#### # ###
##..v@.....# # .
###.###..#...##.#.# .
#......#.##.## #.# ..
## ##....#..##..#.##. .
. ..
#v.R##.#..##....§### .
# # .#.##☼☼#v..##.#..#.
. #
.#....3○.....#.x..#.#..
# # ..
v......v.v......#### .
.#.....#.R...#..#.#.##
#. . .#


You could see a spatial maelstrom and a spatial vortex (wandering).

Vanquished Creatures
  Erica (D:9)
  3 two-headed ogres (D:9)
  An ugly thing (D:9)
  An ancient zyme (Abyss:2)
  2 hornets (D:8)
  A shadow (D:7)
  A flying skull (Abyss:2)
  A wyvern (D:9)
  A large abomination (Abyss:2)
  A steam dragon (D:9)
  A redback (D:9)
  Grum (D:8)
  An acid dragon (D:9)
  A water moccasin (D:6)
  An ice beast (D:5)
  An orc warrior (D:7)
  2 black bears
  2 wolves (D:8)
  An ogre (D:5)
  A phantom (D:5)
  3 small abominations (Abyss:2)
  3 centaurs
  2 kobold brigands
  3 bullfrogs
  A necrophage (D:7)
  A gnoll sergeant (D:9)
  A scorpion (D:6)
  12 wights
  6 killer bees (D:8)
  3 hounds
  A jelly (D:6)
  2 orc priests (D:7)
  4 iguanas
  2 orc wizards
  5 adders
  15 gnolls
  A shadow imp (D:6)
  2 white imps
  A worm (D:3)
  A dart slug (D:1)
  35 orcs
  8 ball pythons
  9 endoplasms
  A giant cockroach (D:4)
  7 goblins
  5 hobgoblins
  9 jackals
  16 kobolds
  4 bats
  A frilled lizard (D:1)
  9 rats
198 creatures vanquished.

Vanquished Creatures (others)
  5 demonic plants (D:3)
  2 fungi (D:3)
  6 plants
  2 withered plants (D:3)
15 creatures vanquished.

Grand Total: 213 creatures vanquished

Notes
Turn   | Place    | Note
-------+----------+-------------------------------------------
     0 | D:1      | gruber the Meteoran Earth Elementalist began the quest for
                  | the Orb.
     0 | D:1      | Reached XP level 1. HP: 14/14 MP: 5/5
   139 | D:1      | Reached XP level 2. HP: 20/20 MP: 4/6
   227 | D:1      | Reached XP level 3. HP: 7/26 MP: 0/8
   347 | D:1      | Found Ulloev's Magic Scroll Emporium.
   469 | D:1      | Learned a level 3 spell: Stone Arrow
   500 | D:1      | Glimpsed the power of Zot.
   880 | D:2      | Reached XP level 4. HP: 33/33 MP: 8/10
  1101 | D:2      | Glimpsed the power of Zot.
  1173 | D:3      | Reached skill level 5 in Earth Magic
  1264 | D:3      | Found a stormy altar of Qazlal.
  1375 | D:3      | Reached XP level 5. HP: 38/38 MP: 8/12
  1481 | D:3      | Found a faded altar of an unknown god.
  1703 | D:3      | Glimpsed the power of Zot.
  1784 | D:4      | Found an iron altar of Okawaru.
  1791 | D:4      | Reached skill level 1 in Conjurations
  1959 | D:4      | Reached XP level 6. HP: 45/45 MP: 9/13
  2301 | D:4      | Glimpsed the power of Zot.
  2328 | D:5      | Entered Level 5 of the Dungeon
  2340 | D:5      | Noticed an ice beast
  2346 | D:5      | Killed an ice beast
  2347 | D:5      | Reached skill level 5 in Conjurations
  2357 | D:5      | Reached XP level 7. HP: 46/50 MP: 1/14
  2392 | D:5      | Reached skill level 5 in Spellcasting
  2675 | D:5      | Reached XP level 8. HP: 57/57 MP: 8/19
  2701 | D:5      | Found a shimmering altar of Xom.
  2900 | D:5      | Glimpsed the power of Zot.
  2950 | D:5      | Glimpsed the power of Zot.
  3102 | D:6      | Found a shimmering blue altar of Sif Muna.
  3128 | D:6      | Became a worshipper of Sif Muna the Loreminder
  3239 | D:6      | Found a broken altar of Ashenzari.
  3501 | D:6      | Glimpsed the power of Zot.
  3568 | D:7      | Found an opulent altar of Gozag.
  3575 | D:7      | Gained mutation: You passively map the area around you.
                  | [Meteoran growth]
  3575 | D:7      | Reached XP level 9. HP: 62/62 MP: 10/20
  3625 | D:7      | Noticed QuickerDeath's ghost (novice MfTm)
  3626 | D:7      | Found a runed translucent gate.
  3626 | D:7      | Noticed a kobold demonologist
  3627 | D:7      | Found a runed translucent gate.
  3627 | D:7      | Found a runed translucent gate.
  3635 | D:7      | Reached skill level 2 in Armour
  3679 | D:7      | Reached skill level 3 in Armour
  3728 | D:7      | Reached skill level 4 in Armour
  3949 | D:7      | Reached skill level 5 in Armour
  3957 | D:7      | Reached skill level 6 in Armour
  4028 | D:7      | Reached * piety under Sif Muna
  4068 | D:8      | Found a shadowy altar of Dithmenos.
  4091 | D:8      | Reached skill level 7 in Armour
  4131 | D:8      | Noticed Grum
  4138 | D:8      | Killed Grum
  4139 | D:8      | Reached skill level 8 in Armour
  4139 | D:8      | Reached XP level 10. HP: 52/69 MP: 2/21
  4190 | D:8      | Reached skill level 9 in Armour
  4212 | D:8      | Reached skill level 10 in Armour
  4224 | D:8      | Identified the ring "Eveneiss" {MP+9 Str+6}
  4556 | D:8      | Found a sacrificial altar of Ru.
  4621 | D:9      | Noticed a two-headed ogre
  4621 | D:9      | Noticed a two-headed ogre
  4624 | D:9      | Killed a two-headed ogre
  4625 | D:9      | Reached skill level 11 in Armour
  4628 | D:9      | Killed a two-headed ogre
  4629 | D:9      | Reached skill level 12 in Armour
  4659 | D:9      | Noticed Erica
  4666 | D:9      | Killed Erica
  4666 | D:9      | Reached ** piety under Sif Muna
  4667 | D:9      | Reached skill level 5 in Dodging
  4667 | D:9      | Reached XP level 11. HP: 55/74 MP: 16/22
  4688 | D:9      | Reached skill level 1 in Long Blades
  4708 | D:9      | Found a staircase to the Lair.
  4721 | D:9      | Noticed a two-headed ogre
  4732 | D:9      | Killed a two-headed ogre
  4733 | D:9      | Reached skill level 5 in Long Blades
  4789 | D:9      | Found a glowing golden altar of the Shining One.
  4915 | D:9      | Noticed a purple ugly thing
  4924 | D:9      | Killed a purple ugly thing
  4976 | D:9      | Cast into level 2 of the Abyss (gnoll sergeant)
  5226 | Abyss:2  | Noticed a spatial maelstrom
  5231 | Abyss:2  | Noticed a worldbinder
  5235 | Abyss:2  | Slain by a spatial maelstrom

Illustrated notes

Levels and vault maps discovered:
D:1:      lightli_arrival_lavapool, layout_basic, serial_shops, shop,
          st_stairs_4, serial_bayou_pond_b
D:2:      layout_basic, wad_floor_pattern_untrapped, dk_noncrumbling_3,
          minmay_domino_2
D:3:      layout_basic, mainiacjoe_overflow_cross_hatched,
          shapermc_ecumenical_altar_gd, minmay_between, uniq_natasha
D:4:      layout_rooms, okawaru_metal_pillars_1_2, uniq_crazy_yiuf_cottage
D:5:      layout_layer_cave, amcnicky_altar_gilded, hangedman_decor_lopped
D:6:      old_forge, layout_loops_ring, lemuel_round_altar,
          evilmike_ruin_ashenzari
D:7:      layout_loops_ring, grunt_gozag_statues, marbit_many_paths,
          minmay_temple_entry_enclosed_plants, gammafunk_ghost_nasty_kobolds,
          uniq_duvessa
D:8:      layout_cave_pools, nicolae_dithmenos_shadow_blocks,
          mainiacjoe_overflow_small_starburst, patterned_corridor, uniq_grum
D:9:      minmay_chopped_fan, layout_irregular_city,
          mainiacjoe_overflow_tiny_flanked, zin_scriptorium, bloody_trog,
          dpeg_oklobed_lair, kennysheep_generic_room_3, uniq_erica, uniq_psyche
Abyss:2:  base:
D:3

Skill      XL: |  1  2  3  4  5  6  7  8  9 10 11 |
---------------+----------------------------------+-----
Spellcasting   | 3 4 7 |  7.0
Earth Magic    | 4 5 8 9 |  9.3
Conjurations   | 2 5 |  5.0
Armour         | 8 12 | 12.5
Dodging        | 5 |  5.1
Long Blades    | 8 |  8.1
Fighting       | |  0.1
Maces & Flails | |  0.3
Polearms       | |  0.3
Staves         | |  0.5
Bows           | |  0.2
Crossbows      | |  0.1
Stealth        | |  1.4
Shields        | |  0.2
Hexes          | |  0.2
Necromancy     | |  0.2
Transmutations | |  1.2
Fire Magic     | |  0.2
Poison Magic   | |  0.2

Action                   |  1- 3 |  4- 6 |  7- 9 | 10-12 || total
-------------------------+-------+-------+-------+-------++-------
Melee: Unarmed           |    16 |       |       |       ||    16
       Dagger            |       |    12 |       |       ||    12
       Whip              |       |    63 |     9 |       ||    72
       Punch             |       |     1 |       |       ||     1
       Scimitar          |       |       |       |     1 ||     1
Throw: Dart              |       |     4 |       |       ||     4
 Cast: Sandblast         |    39 |    51 |       |    45 ||   135
       Stone Arrow       |       |    19 |   108 |    69 ||   196
Armor: Robe              |     7 |     8 |       |       ||    15
       Leather armour    |       |    25 |    12 |    22 ||    59
Dodge: Dodged            |    19 |    56 |    10 |    65 ||   150

Table legend: (Time is in decaauts)
 A = Elapsed time spent in this place.
 B = Non-inter-level travel time spent in this place.
 C = Inter-level travel time spent in this place.
 D = Time resting spent in this place.
 E = Time spent auto-exploring this place.
 F = Levels seen in this place.
 G = Mean time per level.
                   A        B        C        D        E       F      G
               +--------+--------+--------+--------+--------+-----+--------+
         Total |   5234 |   5043 |    191 |      0 |   2646 |  10 |  523.4 |
       Dungeon |   4976 |   4785 |    191 |      0 |   2485 |   9 |  552.9 |
         Abyss |    258 |    258 |      0 |      0 |    161 |   1 |  258.0 |
               +--------+--------+--------+--------+--------+-----+--------+

Top non-repeatable levels by time:
     D:5: 661 daAuts
     D:2: 611 daAuts
     D:4: 610 daAuts
     D:3: 597 daAuts
     D:8: 537 daAuts
     D:7: 535 daAuts
     D:6: 535 daAuts
     D:1: 508 daAuts
     D:9: 378 daAuts
 Abyss:2: 258 daAuts
